 Dungeon Crawl Stone Soup version 0.16-a0-1301-gf74d490 (console) character file.

58 Orcus the Ogre Mage (level 4, -2/41 HPs)
             Began as an Ogre Fire Elementalist on Oct 15, 2014.
             Slain by Grinder (10 damage)
             ... on level 3 of the Dungeon.
             The game lasted 00:10:13 (1209 turns).

Orcus the Ogre Mage (Ogre Fire Elementalist)        Turns: 1209, Time: 00:10:14

Health: -2/41      AC:  4    Str: 19    XL:     4   Next: 1%
Magic:  8/8        EV: 13    Int: 19    God:
Gold:   68         SH:  0    Dex: 10    Spells: 2 memorised, 3 levels left

rFire  . . .     SeeInvis .     a - +0 flail
rCold  . . .     Clarity  .     x - +0 robe
rNeg   . . .     SustAb   .     (shield restricted)
rPois  .         Gourm    .     (helmet restricted)
rElec  .         Spirit   .     p - +0 cloak
rCorr  .         Warding  .     (gloves unavailable)
rMut   .         Stasis   .     (boots unavailable)
MR     .....                    (no amulet)
Stlth  +.........               w - +5 ring of intelligence
                                f - +3 ring of evasion

@: mighty, not resistant to hostile enchantments, very unstealthy
A: unfitting armour, tough skin 1
a: no special abilities


You were on level 3 of the Dungeon.
You were not hungry.

You visited 1 branch of the dungeon, and saw 3 of its levels.

You collected 68 gold pieces.

Inventory:

Hand weapons
 a - a +0 flail (weapon)
Missiles
 d - 36 stones (quivered)
 z - 10 poisoned needles
Armour
 p - a +0 cloak (worn)
 x - a +0 robe (worn)
Jewellery
 f - a +3 ring of evasion (left hand)
 w - a +5 ring of intelligence (right hand)
 y - an uncursed ring of stealth
Scrolls
 h - 2 scrolls of amnesia {unknown}
 k - 3 scrolls of teleportation {unknown}
 n - 3 scrolls of remove curse {unknown}
 r - a scroll of magic mapping {unknown}
Potions
 e - a potion of restore abilities
 j - a potion of resistance
 o - a potion of might
 q - a potion of porridge
Books
 b - a book of Flames

   Spells                             Type                      Level
   *Flame Tongue                      Conjuration/Fire             1
   Throw Flame                        Conjuration/Fire             2
   *Conjure Flame                     Conjuration/Fire             3
   Inner Flame                        Hexes/Fire                   3
   Sticky Flame                       Conjuration/Fire             4
   Fireball                           Conjuration/Fire             5
 t - a book of Maledictions

   Spells                             Type                      Level
   Corona                             Hexes                        1
   Sure Blade                         Hexes/Charms                 2
   Ensorcelled Hibernation            Hexes/Ice                    2
   Confuse                            Hexes                        3
   Dazzling Spray                     Conjuration/Hexes            3
   Enslavement                        Hexes                        4
Comestibles
 c - 2 meat rations
 i - a chunk of worm flesh
 l - a chunk of rat flesh
 s - a slice of pizza
 u - a rotting chunk of jackal flesh
 v - 5 fruits


   Skills:
 + Level 1.3 Fighting
 * Level 2.0 Maces & Flails
 + Level 2.0 Dodging
 + Level 1.7 Stealth
 + Level 2.4 Spellcasting
 * Level 1.5 Conjurations
 * Level 2.4 Fire Magic


You had 3 spell levels left.
You knew the following spells:

 Your Spells              Type           Power        Failure   Level  Hunger
a - Flame Tongue          Conj/Fire      #....        10%         1    #......
b - Conjure Flame         Conj/Fire      #.......     21%         3    ###....


Dungeon Overview and Level Annotations

Branches:
Dungeon (3/15)

Altars:
Gozag

Annotations:
D:3 Grinder, Sigmund


Innate Abilities, Weirdness & Mutations

You are too large for most types of armour.
You have tough skin (AC +1).


Message History

You closely miss Grinder.
Grinder is moderately wounded.
Grinder closely misses you. Grinder hits you.
You writhe in agony.
You sock Grinder!
Grinder is severely wounded.
Grinder closely misses you.
You closely miss Grinder.
Grinder is severely wounded.
Grinder completely misses you.
You barely miss Grinder.
Grinder is severely wounded.
Grinder hits you.
* * * LOW HITPOINT WARNING * * *
Grinder hits you!
* * * LOW HITPOINT WARNING * * *
You writhe in agony.
* * * LOW HITPOINT WARNING * * *
Drink which item? (? for menu, Esc to quit)
You feel better. Grinder hits you!
You die...

......#
##..########%....
........
#................
...<...#
#.###............
.......# ##.#
#............
.......# #..#
#............
.......# #.##
#............
......## #.#
#.......#####
......## #.#
#.......#
.......#########@#
#.......#
........%......5.#
#.......#
.......###########
#....... .......#
### .......#
......## .....##
######


You could see Grinder.

Vanquished Creatures
  An adder (D:2)
  A worm (D:2)
  7 hobgoblins
  3 jackals (D:2)
  5 kobolds
  11 bats
  2 giant cockroaches (D:1)
  2 giant newts (D:1)
  4 goblins (D:1)
  4 rats
40 creatures vanquished.

Notes
Turn   | Place    | Note
--------------------------------------------------------------
     0 | D:1      | Orcus, the Ogre Fire Elementalist, began the quest for the Orb.
     0 | D:1      | Reached XP level 1. HP: 16/16 MP: 3/3
     0 | D:1      | welcome again!
     0 | D:1      | time to close this chapter... for good
   124 | D:1      | Reached skill level 1 in Conjurations
   176 | D:1      | Reached XP level 2. HP: 26/26 MP: 1/5
   195 | D:1      | Reached skill level 1 in Fighting
   482 | D:1      | Reached XP level 3. HP: 31/33 MP: 0/6
   565 | D:2      | Reached skill level 1 in Maces & Flails
   620 | D:2      | Learned a level 3 spell: Conjure Flame
   992 | D:2      | Found an opulent altar of Gozag.
  1122 | D:3      | Reached XP level 4. HP: 38/41 MP: 6/8
  1170 | D:3      | Noticed Grinder
  1171 | D:3      | Noticed Sigmund
  1208 | D:3      | HP: 2/41 [Grinder (10)]
  1209 | D:3      | Slain by Grinder

Action                   |  1- 3 |  4- 6 || total
-------------------------+-------+-------++-------
Melee: Unarmed           |    35 |       ||    35
       Club              |    32 |       ||    32
       Flail             |     7 |     8 ||    15
 Cast: Flame Tongue      |    54 |     2 ||    56
  Use: Scroll            |       |     3 ||     3
       Potion            |       |     2 ||     2
  Eat: Chunk             |     2 |       ||     2
